[Event "*** Titled Tuesday Blitz"]
[Site "Chess.com"]
[Date "2019.06.04"]
[Round "7"]
[White "Manukyan_Artak"]
[Black "Bad4life"]
[Result "1-0"]
[WhiteElo "2412"]
[BlackElo "2436"]
[TimeControl "180+2"]
[EndTime "14:36:50 PDT"]
[Termination "Manukyan_Artak won by resignation"]

1. e4 d6 2. d4 g6 3. c4 Bg7 4. Nc3 Nf6 5. f3 O-O 6. Bg5 c5 7. d5 e6 8. Qd2 Re8 9. Bd3 exd5 10. Nxd5 Nc6 11. Ne2 Be6 12. Nec3 h6 13. Nxf6+ Bxf6 14.
Bxh6 Nb4 15. O-O-O Qa5 16. Kb1 b5 17. cxb5 Bxa2+ 18. Nxa2 Qxa2+ 19. Kc1 Qa1+ 20. Bb1 c4 21. Qxb4 c3 22.
bxc3 Bxc3 23. Qb3 Rac8 24. Kc2 Bb4+ 25. Kd3 Rc3+ 26. Qxc3 Qxc3+ 27. Ke2 Kh7 28. Bd2 Qb2 29. Bd3 d5 30. Ke3 Bc5+ 31. Ke2 f5 32. Rb1 Qd4 33. Rb3 fxe4 34. fxe4 dxe4 35. Bc2 Rd8 36. Rh3+ Kg7 37. Bc3 Kf7 38. Bxd4 Rxd4 39. Rd1 Rb4 40. Rb3 Rc4 41. Bb1 Kf6 42. Rb2 Bb6 43. Ba2 Rc3 44. Rd6+ Kf5 45.
Kd1 g5 46. h3 Kf4 47. Rf6+ Ke3 48. Re2+ Kd4 49. Bb1 e3 50. Rd6+ Ke5 51. Rd3 Rc4 52.
Rdxe3+ Bxe3 53. Rxe3+ Kd6 54. Bd3 Ra4 55. Rg3 Ra3 56.
Ke2 Ra2+ 57. Ke3 a5 58. bxa6 1-0

[Event "*** Titled Tuesday Blitz"]
[Site "Chess.com"]
[Date "2019.06.04"]
[Round "7"]
[White "Michael_Scofield01"]
[Black "MITerryble"]
[Result "0-1"]
[WhiteElo "2741"]
[BlackElo "2792"]
[TimeControl "180+2"]
[EndTime "14:37:02 PDT"]
[Termination "MITerryble won on time"]

1. e4 e6 2. d4 d5 3. Nd2 Be7 4. Ngf3 Nf6 5. Bd3 c5 6. dxc5 dxe4 7. Nxe4 Nxe4 8. Bxe4 Qxd1+ 9. Kxd1 Bxc5 10. Ke2 Nd7 11. Be3 Bxe3 12. Kxe3 Nc5 13. Rhd1 Nxe4 14. Kxe4 Ke7 15.
Ke3 Bd7 16. Ne5 Be8 17. Rd2 f6 18. Nd3 Rc8 19. Rad1 Bb5 20. f3 Rhd8 21. c3 g5 22. Nf2 Rxd2 23. Rxd2 h5 24. Ne4 Bc6 25. Nf2 Rg8 26.
Nd3 Rc8 27. c4 a5 28. b3 h4 29. Rd1 Be8 30. Rd2 Bg6 31. Nb2 Be8 32. Nd3 Bc6 33. Rd1 Rg8 34. Nf2 Rc8 35. Rd2 Be8 36. Rd1 a4 37. Ne4 axb3 38. axb3 Bc6 39. Ra1 Rd8 40. Nc3 f5 41. b4 f4+ 42. Ke2 Rd4 43. b5 Bd7 44. Ra4 e5 45. Ke1 g4 46. Nd5+ Kd6 47.
Nf6 gxf3 48. gxf3 Bxb5 49. Ra8 Bc6 50. Rh8 Rxc4 51. Rxh4 Bxf3 52. Rh6 Kc5 53. h4 e4 54. h5 e3 55. Nd7+ Kd4 56. Rd6+ Ke4 57. Nf6+ Ke5 58. Ng4+ Kxd6 0-1

[Event "*** Titled Tuesday Blitz"]
[Site "Chess.com"]
[Date "2019.06.04"]
[Round "7"]
[White "TheBigBadChessDad"]
[Black "MathiasWomacka"]
[Result "1/2-1/2"]
[WhiteElo "2165"]
[BlackElo "2299"]
[TimeControl "180+2"]
[EndTime "14:37:02 PDT"]
[Termination "Game drawn - insufficient material"]

1. e4 c5 2. Nf3 d6 3. c3 Nf6 4. Bd3 Bg4 5. h3 Bh5 6. Qb3 Qc7 7. Be2 Nc6 8. d3 e6 9. O-O Be7 10. Bf4 O-O 11. Nbd2 b5 12. a4 b4 13. c4 Nd7 14.
Rfe1 Bf6 15. Qc2 Bxf3 16. Nxf3 Nd4 17. Nxd4 Bxd4 18. Rab1 f5 19. Bf3 fxe4 20. Rxe4 Rae8 21. Bg4 Ne5 22. Rbe1 Nxg4 23. hxg4 Qd7 24. Be3 d5 25. cxd5 exd5 26. Rxe8 Rxe8 27. Qd2 Bxe3 28. Rxe3 Rxe3 29. Qxe3 c4 30. dxc4 dxc4 31. Qc5 Qxg4 32. Qxb4 h5 33. Qb8+ Kh7 34. Qxa7 h4 35. Qe3 Qd1+ 36. Kh2 Qxa4 37. Qe4+ Kg8 38. Qxh4 Qb3 39. Qd4 Qb5 40. g4 Kf7 41.
Kg3 Qb3+ 42. f3 Qc2 43. Qc3 Qe2 44. Qd4 Qe1+ 45. Kf4 Qf1 46. Qc3 Qe2 47. Qe5 Qh2+ 48. Ke4 Qe2+ 49. Kd5 Qxf3+ 50. Kxc4 Qxg4+ 51. Qd4 Qxd4+ 52. Kxd4 Ke6 53. Kc5 Kd7 54. Kd5 Kc7 55. Ke5 Kb6 56. Kf5 Kb5 57. Kg6 Kb4 58. Kxg7 Kb3 59. Kf7 Kxb2 1/2-1/2

[Event "*** Titled Tuesday Blitz"]
[Site "Chess.com"]
[Date "2019.06.04"]
[Round "7"]
[White "Alopekos"]
[Black "KhazarBabazada"]
[Result "0-1"]
[WhiteElo "2482"]
[BlackElo "2606"]
[TimeControl "180+2"]
[EndTime "14:37:11 PDT"]
[Termination "KhazarBabazada won by resignation"]

1. e4 c5 2. Nf3 d6 3. d4 cxd4 4. Nxd4 Nf6 5. Nc3 a6 6. Be3 e5 7. Nb3 Be7 8. Be2 Be6 9. Nd5 Nxd5 10. exd5 Bf5 11. O-O O-O 12. f4 exf4 13. Bxf4 Bg6 14. Kh1 Nd7 15. Nd4 Nc5 16. Qd2 Ne4 17. Qb4 Bf6 18. Bf3 a5 19. Qa4 Nc5 20. Qc4 Rc8 21.
Be3 Re8 22. Bg1 Ne4 23. Qa4 Nd2 24. Rfe1 Nxf3 25. Nxf3 Bxc2 26. Rxe8+ Qxe8 27. Qxa5 Bxb2 28. Re1 Qd7 29. Qb6 Bc3 30. Re3 Bf6 31. h3 h6 32.
Qb4 Bf5 33. Re1 Kh7 34. Bh2 Rc2 35. Qxd6 Qxd6 36. Bxd6 Rxa2 37. Bf4 b5 38. d6 b4 39.
Nd2 Bc3 40. Rd1 Ra8 41. Nf3 b3 42. Bc1 b2 43. Bxb2 Bxb2 44. Rd5 Be6 45. Rd2 Bf6 46. Kg1 Rd8 47. Kf2 Rd7 48. Ke3 Bd8 49. Ke4 Bb6 50. Ne5 Rd8 51. Nc6 Rd7 52. Ne5 Ra7 53. d7 f6 54. d8=Q Bxd8 55. Nc6 Ra4+ 56. Kf3 Bc7 57.
Ne7 Be5 58. g4 Ra7 59. Nc6 Rc7 60. Nd8 Rd7 61. Rxd7 Bxd7 62. Ke4 Bc7 63. Nf7 Be6 0-1

[Event "*** Titled Tuesday Blitz"]
[Site "Chess.com"]
[Date "2019.06.04"]
[Round "7"]
[White "Alexander_Moskalenko"]
[Black "kleinebeer98"]
[Result "0-1"]
[WhiteElo "2878"]
[BlackElo "2732"]
[TimeControl "180+2"]
[EndTime "14:37:17 PDT"]
[Termination "kleinebeer98 won by resignation"]

1. Nf3 d5 2. d4 Nc6 3. e3 Bg4 4. Be2 Nf6 5. O-O e6 6. h3 Bh5 7. c4 dxc4 8. Bxc4 Bd6 9. Nc3 O-O 10. Be2 a6 11. b3 Qe7 12. Bb2 Rfd8 13. Nd2 Bxe2 14. Qxe2 e5 15. d5 Nb4 16. e4 c6 17.
dxc6 Nxc6 18. Nd5 Nxd5 19. exd5 Nb4 20. Nc4 Nxd5 21. Nxd6 Rxd6 22. Qxe5 Qxe5 23. Bxe5 Re6 24. Bg3 Nc3 25. Kh2 Re2 26. a4 Rb2 27. Ra3 Ne4 28. Re1 Nd2 29. a5 Rc8 30. Bc7 h5 31. Bb6 Nxb3 32. Re7 Nd2 33. g4 hxg4 34. hxg4 Nc4 35.
Rf3 f6 36. Rxb7 Nxa5 37. Rc7 Rxc7 38. Bxc7 Nc4 39. Rc3 Nd2 40. Bg3 a5 41. Rc8+ Kh7 42.
Ra8 Nc4 43. Ra7 Kg6 44. Kh3 Rb4 45. f4 f5 46. gxf5+ Kf6 47. Kg4 Ne3+ 48. Kf3 Nxf5 49. Be1 Rb3+ 50. Kg4 Ne3+ 51. Kh5 g6+ 52. Kh6 Nf5+ 53.
Kh7 Rh3+ 54. Kg8 Ne7+ 55. Rxe7 Kxe7 56. Bxa5 Kf6 57. Bb4 Kf5 58. Bd6 Rd3 59. Bc7 Rd4 60. Kh7 Rd7+ 61. Kh6 g5 62. fxg5 Rxc7 63. g6 Kf6 64.
Kh5 Kg7 65. Kg5 Rc5+ 0-1

[Event "*** Titled Tuesday Blitz"]
[Site "Chess.com"]
[Date "2019.06.04"]
[Round "7"]
[White "vugarrasulov"]
[Black "Ambitiousresolutions"]
[Result "0-1"]
[WhiteElo "2761"]
[BlackElo "2614"]
[TimeControl "180+2"]
[EndTime "14:37:19 PDT"]
[Termination "Ambitiousresolutions won by resignation"]

1. d4 Nf6 2. c4 g6 3. Nc3 d5 4.
Nf3 Bg7 5. Bg5 O-O 6. e3 c5 7.
cxd5 cxd4 8. exd4 Nxd5 9. Bc4 Nxc3 10. bxc3 Qc7 11. Nd2 b5 12. Bxb5 Qa5 13. Qa4 Qxc3 14. O-O Qxd4 15. Qxd4 Bxd4 16. Rac1 Bd7 17. Bxd7 Nxd7 18.
Rc7 Bf6 19. Be3 Nb6 20. Rb7 Rfb8 21. Rxb8+ Rxb8 22. Rb1 Rd8 23. Nf3 Rd3 24. g4 Ra3 25. g5 Bc3 26. Bc5 Rxa2 27. Bxe7 Ra1 28. Rxa1 Bxa1 29. Bc5 Nc8 30. Nd2 Bc3 31. Ne4 Be5 32. f4 Bxf4 33. Nf6+ Kg7 34. Ne8+ Kh8 35. h4 Be5 36. Kg2 a5 37. Kf3 a4 38. Ke4 Bb2 39.
Kd3 a3 40. Kc2 Kg8 41. Nf6+ Kh8 42. Kb3 h6 43. Ka2 hxg5 44. hxg5 Bxf6 45. gxf6 g5 46.
Kxa3 Kh7 47. Kb4 Kg6 48. Be7 Nb6 49. Kc5 Nd7+ 50. Kd4 Nxf6 51. Bd8 Kf5 52. Ke3 Ng4+ 53. Kf3 Ne5+ 54. Kg3 f6 55. Bc7 Nf7 56. Bb8 Kg6 57. Bc7 Nh6 58. Bb8 Nf5+ 59. Kg4 Ne3+ 60. Kf3 Nd5 61.
Bd6 f5 62. Bb8 g4+ 63. Kf2 f4 64. Bd6 Kf5 65. Bc5 Nf6 66. Bd4 Ne4+ 67. Kg2 f3+ 68.
Kh2 Kf4 69. Bb6 g3+ 70. Kh3 Nf2+ 71. Kh4 Ne4 72. Kh3 Ng5+ 73. Kh4 f2 0-1

[Event "*** Titled Tuesday Blitz"]
[Site "Chess.com"]
[Date "2019.06.04"]
[Round "7"]
[White "FelixBlohberger"]
[Black "GMKrikor"]
[Result "1/2-1/2"]
[WhiteElo "2626"]
[BlackElo "2702"]
[TimeControl "180+2"]
[EndTime "14:37:19 PDT"]
[Termination "Game drawn by repetition"]

1. e4 c5 2. Nf3 e6 3. d4 cxd4 4. Nxd4 Nc6 5. Nc3 a6 6. Be3 Nf6 7. a3 d5 8. exd5 exd5 9. Be2 Bd6 10. O-O O-O 11. Qd2 Be6 12. Bf4 Bc5 13. Nxc6 bxc6 14. Bd3 Bd6 15. Ne2 a5 16. Bxd6 Qxd6 17. c4 a4 18. cxd5 cxd5 19. Rac1 Ng4 20. Qf4 Qxf4 21.
Nxf4 Rfb8 22. Rc2 Nf6 23. Rd1 Rb6 24. f3 Kf8 25. g4 g5 26. Ne2 Rab8 27. Rdd2 Nd7 28.
Nd4 h6 29. Kf2 Ne5 30. Be2 Ke7 31. Rc7+ Kf6 32. Ra7 Rxb2 33. Rxb2 Rxb2 34. Rxa4 Nd3+ 35. Ke3 Nf4 36. Ra6 Kg7 37. a4 Ra2 38. a5 Bd7 39. Ra7 Ra3+ 40. Kf2 Be6 41. a6 Kf6 42. Ra8 Ke5 43. Nc6+ Kd6 44. Nd4 Ra4 45. Ke3 Ra3+ 46.
Kf2 Ra2 47. Rd8+ Kc5 48. Nb3+ Kb4 49. Nc1 Ra1 50. Nd3+ Nxd3+ 51. Bxd3 Kc3 52. Be2 Kd2 53. Rb8 d4 54. Rb2+ Kc3 55. Rb7 d3 56. Rc7+ Bc4 57. Bf1 Rxa6 58. Ke3 Re6+ 59. Kf2 Re8 60. Rc6 Re7 61.
Rc8 Re6 62. Rc7 Rd6 63. Ke3 Re6+ 64. Kf2 1/2-1/2

[Event "*** Titled Tuesday Blitz"]
[Site "Chess.com"]
[Date "2019.06.04"]
[Round "7"]
[White "MarianPetrov"]
[Black "Alliswell998"]
[Result "1-0"]
[WhiteElo "2620"]
[BlackElo "2427"]
[TimeControl "180+2"]
[EndTime "14:37:19 PDT"]
[Termination "MarianPetrov won by checkmate"]

1. e4 c5 2. c3 d5 3. exd5 Nf6 4. Bb5+ Nbd7 5. c4 a6 6. Bxd7+ Bxd7 7. d4 cxd4 8. Qxd4 e6 9. Nf3 exd5 10. cxd5 Bd6 11.
Qe3+ Qe7 12. Qxe7+ Kxe7 13. Nc3 Rhe8 14. O-O b5 15. Bg5 Kf8 16. Bxf6 gxf6 17. Rfe1 Rad8 18. a3 Bg4 19. Nd4 Be5 20. Nc6 Rd6 21. Nxe5 fxe5 22. Ne4 Rg6 23. Kf1 f5 24. Nc5 Rd6 25. Ne6+ Kf7 26.
f3 Bh5 27. Rxe5 Kf6 28. Rae1 Bf7 29. f4 a5 30. Nc7 Rc8 31. Nxb5 Rxd5 32. Rxd5 Bxd5 33.
Nc3 Bc6 34. Re5 Rb8 35. Rxa5 Ke6 36. b4 Kd6 37. Rxf5 Rd8 38. Rh5 Rd7 39. b5 Ba8 40. a4 Kc7 41. a5 Rd2 42. Rxh7+ Kb8 43. Rh8+ Ka7 44. b6+ Kb7 45. a6+ Kxa6 46. Rxa8+ Kxb6 47.
Ra2 Rd3 48. Rc2 Kc5 49. Ke2 Rd8 50. Ne4+ Kb4 51. f5 Rh8 52. f6 Rxh2 53. Kf3 Rh5 54. g4 Rh3+ 55. Kf4 Rh7 56. g5 Kb3 57. Rc8 Rh1 58. g6 Rf1+ 59. Ke5 Rh1 60. f7 Rh5+ 61. Kf6 Rh1 62. f8=Q Rf1+ 63. Ke5 Re1 64. Rb8+ Kc2 65. Qc5+ Kd1 66. Rb1+ Ke2 67. Qf2+ Kd3 68. Rxe1 Kc4 69.
Qd4+ Kb5 70. Rb1+ Ka6 71. Qa1# 1-0

[Event "*** Titled Tuesday Blitz"]
[Site "Chess.com"]
[Date "2019.06.04"]
[Round "7"]
[White "LastHeroJr"]
[Black "saraswathii"]
[Result "1-0"]
[WhiteElo "2521"]
[BlackElo "2311"]
[TimeControl "180+2"]
[EndTime "14:37:19 PDT"]
[Termination "LastHeroJr won by resignation"]

1. e4 c5 2. Nf3 e6 3. d4 cxd4 4. Nxd4 Nf6 5. Nc3 Nc6 6. Ndb5 Bb4 7. a3 Bxc3+ 8. Nxc3 d5 9. exd5 exd5 10. Bd3 d4 11. Ne2 O-O 12. O-O Qd5 13. b4 a6 14. Bb2 Rd8 15.
Qd2 Be6 16. Rfd1 Rd7 17. Nf4 Qd6 18. Nxe6 fxe6 19. c3 Rad8 20. cxd4 Nxd4 21. Qe3 e5 22. Kh1 Kh8 23. Bf1 Ng4 24. Qg3 Nf6 25. Rd3 Qe7 26.
Rad1 Rf8 27. f3 Nc6 28. Rxd7 Nxd7 29. Bd3 Nf6 30. Qh3 g6 31. Re1 Kg7 32. Qh4 Qd6 33. Bb1 h6 34. Qg3 g5 35. h4 Nh5 36. Qg4 Nf6 37.
Qf5 Ne7 38. Qxe5 Qxe5 39. Rxe5 Nc6 40. Rc5 gxh4 41. b5 axb5 42. Rxb5 Rf7 43. Kh2 Nd8 44. Kh3 Kf8 45. Rf5 Nd7 46. Kxh4 Rxf5 47. Bxf5 Nc5 48. Bc2 Nde6 49. Kg4 Nc7 50. Kh5 N5e6 51. Kxh6 Nb5 52.
Bc1 Ned4 53. Bd3 Nd6 54. Kg5 Kf7 55. Kf4 Nc8 56. Ke4 Nc6 57. Bb2 Nd6+ 58. Ke3 Ke6 59. g4 Nf7 60. f4 Nd6 61. f5+ Kd5 62. g5 Ne5 63. Bxe5 Kxe5 64. f6 Nf7 65. g6 Kxf6 66. gxf7 Kxf7 67. Kd4 Ke7 68. Kc5 Kd7 69. Kb6 Kc8 70. Ka7 Kc7 71. Be4 1-0

[Event "*** Titled Tuesday Blitz"]
[Site "Chess.com"]
[Date "2019.06.04"]
[Round "7"]
[White "temus_galaktionov"]
[Black "Msb2"]
[Result "1/2-1/2"]
[WhiteElo "2716"]
[BlackElo "2805"]
[TimeControl "180+2"]
[EndTime "14:37:21 PDT"]
[Termination "Game drawn by repetition"]

1. d4 d5 2. c4 c6 3. Nf3 Nf6 4.
Qb3 dxc4 5. Qxc4 Bf5 6. g3 e6 7. Bg2 Nbd7 8. Nc3 Be7 9. Qb3 Qb6 10. Nd2 O-O 11. Nc4 Qa6 12. e4 Bg6 13. Bg5 h6 14. Bh4 Rfe8 15. O-O b5 16. Nd2 Rab8 17. e5 Nd5 18. Bxe7 Rxe7 19. Nce4 Qb6 20. Qd3 c5 21. dxc5 Nxc5 22. Qd4 Na4 23. Qxb6 Rxb6 24. b3 Nac3 25.
Rfe1 Rc7 26. Nxc3 Nxc3 27. Be4 Nxe4 28. Nxe4 Rbc6 29. Nd6 a6 30. Re2 Rc3 31. f4 Bh5 32.
Rf2 Bf3 33. Raf1 Bd5 34. f5 exf5 35. Rxf5 Rc2 36. R5f2 Rxf2 37. Rxf2 Rc1+ 38. Rf1 Rc3 39. Nf5 Kf8 40. Rd1 g6 41. Rxd5 gxf5 42. Rd6 Rc1+ 43. Kg2 Rc2+ 44. Kf3 Rxa2 45. Rxh6 a5 46. Rb6 b4 47.
Rb5 Rxh2 48. Rxa5 Rb2 49. Kf4 Rxb3 50. Rb5 Rb1 51. Kxf5 b3 52. Kf6 Rf1+ 53. Kg5 Rf3 54. Kg4 Rc3 55. Rb7 Kg8 56. Kf4 Rd3 57. g4 Rc3 58. Ke4 Rg3 59. Kf5 Rf3+ 60. Ke4 Rg3 61. Kf4 Rc3 62. Kg5 Rf3 63. Kh6 Kf8 64. Kg5 Ke8 65.
Kh4 Kd8 66. g5 Kc8 67. Rb5 Kc7 68. Kg4 Rc3 69. Kf5 Kc6 70. Rb8 Kc7 71. Rb4 Rf3+ 72. Kg4 Rc3 73. Kf5 Rf3+ 74. Kg4 Rc3 75. Kf5 1/2-1/2

[Event "*** Titled Tuesday Blitz"]
[Site "Chess.com"]
[Date "2019.06.04"]
[Round "7"]
[White "Semen_Khanin"]
[Black "SaraciNderim"]
[Result "1/2-1/2"]
[WhiteElo "2720"]
[BlackElo "2863"]
[TimeControl "180+2"]
[EndTime "14:37:24 PDT"]
[Termination "Game drawn by agreement"]

1. e4 e5 2. Nf3 Nc6 3. Bc4 Bc5 4. O-O Nf6 5. d3 O-O 6. a4 a6 7. c3 d6 8. Bg5 h6 9. Bh4 Ba7 10. Nbd2 Be6 11. Re1 Re8 12. b4 Nb8 13. Bxe6 Rxe6 14. d4 Nbd7 15. Nc4 exd4 16. Nxd4 Bxd4 17. Qxd4 Qe8 18.
f3 Ne5 19. Nxe5 dxe5 20. Qc4 Rc6 21. Qb3 Rd8 22. Rad1 Rdd6 23. b5 Rxd1 24. Rxd1 Re6 25. Qc4 axb5 26. axb5 c6 27. Bxf6 Rxf6 28. b6 Kh7 29. Qd3 Qe7 30. Qd8 Qc5+ 31. Kh1 Qxc3 32. h4 Qc2 33. h5 Qf2 34. Qd2 Qh4+ 35. Kg1 Qxh5 36. Qe3 Qg5 37. Qxg5 hxg5 38. Rd7 c5 39. Rxb7 Kg6 40. Kf2 g4 41. Ke3 gxf3 42. gxf3 Rd6 43. Rb8 f6 44. b7 Rb6 45. Kf2 Rb3 46. Kg3 c4 47. Rc8 Rxb7 48. Rxc4 Rb1 49. Rc7 Kh6 50.
Rf7 Rb2 51. Ra7 g6 52. Rf7 Kg5 53.
Ra7 Rb3 54. Ra5 Rc3 55. Rb5 Rc1 56. f4+ Kh5 57. fxe5 fxe5 58. Rxe5+ g5 59. Re8 Rc3+ 60. Kg2 Kg4 61. Rf8 Re3 62. Rf2 Rxe4 63. Ra2 Kh4 64.
Rb2 Ra4 65. Rc2 g4 66. Rb2 Ra3 67. Rc2 Rg3+ 68. Kh2 Rh3+ 69. Kg2 Ra3 70. Rb2 Rc3 71. Ra2 Rg3+ 72. Kh2 Rb3 73. Kg2 Rb4 74. Rc2 1/2-1/2

[Event "*** Titled Tuesday Blitz"]
[Site "Chess.com"]
[Date "2019.06.04"]
[Round "7"]
[White "Supernotar"]
[Black "Slovak_fighter2000"]
[Result "1-0"]
[WhiteElo "2558"]
[BlackElo "2486"]
[TimeControl "180+2"]
[EndTime "14:37:27 PDT"]
[Termination "Supernotar won by resignation"]

1. d4 Nf6 2. c4 e6 3. Nf3 d5 4. e3 Be7 5. Nbd2 O-O 6. b3 b6 7. Bd3 Bb7 8. O-O Nbd7 9. Bb2 c5 10. Qe2 Ne4 11. cxd5 exd5 12. Ba6 Bxa6 13. Qxa6 Nxd2 14. Nxd2 Bf6 15. Nf3 Qc8 16. Qe2 c4 17. bxc4 Qxc4 18. Qd2 Rac8 19. Rfc1 Qa6 20. Ne1 Rxc1 21. Rxc1 Rc8 22.
Nd3 Rxc1+ 23. Bxc1 Qc4 24. g4 g6 25. Kg2 a5 26.
Ba3 Bg7 27. Be7 Qc6 28. h3 Qe6 29. Bd8 Qe8 30. Bc7 Qe6 31. Nf4 Qc6 32. Bd8 Bf6 33. Bxf6 Nxf6 34. f3 h6 35. h4 Kg7 36. Kg3 Qc4 37. Qb2 b5 38. Qa3 Qc7 39. Qb3 g5 40. hxg5 hxg5 41. Qxb5 gxf4+ 42. exf4 Qc1 43. Qxa5 Qe3 44.
Kg2 Qxf4 45. Qc3 Qd6 46. a4 Nd7 47. a5 Qa6 48. Kg3 Nb8 49. Qe3 Qd6+ 50. f4 Na6 51.
Qe5+ Qf6 52. f5 Nb4 53. g5 Qxe5+ 54. dxe5 Nc6 55. a6 Kf8 56. Kf4 Ke7 57. Ke3 Nxe5 58.
a7 Nc4+ 59. Kd4 Nb6 60. Kc5 Na8 61. Kxd5 Kd7 62. g6 fxg6 63. fxg6 Nc7+ 64. Kc5 Kc8 65.
Kc6 Kd8 66. g7 1-0

[Event "*** Titled Tuesday Blitz"]
[Site "Chess.com"]
[Date "2019.06.04"]
[Round "7"]
[White "iturrizaga"]
[Black "TST2014"]
[Result "1-0"]
[WhiteElo "2933"]
[BlackElo "2569"]
[TimeControl "180+2"]
[EndTime "14:37:33 PDT"]
[Termination "iturrizaga won on time"]

1. Nf3 Nf6 2. c4 g6 3. Nc3 Bg7 4. e4 d6 5. d4 O-O 6. Be2 e5 7. Be3 Ng4 8. Bg5 f6 9. Bh4 Nc6 10. d5 Ne7 11. Nd2 f5 12. exf5 gxf5 13. Bxg4 fxg4 14.
Nde4 Qd7 15. Qd3 Ng6 16. Bg3 Nf4 17. Bxf4 exf4 18. f3 h5 19. O-O-O Qf5 20. h3 g3 21. Nb5 Rf7 22. Rhe1 Qg6 23. Nd4 Bf5 24. Nxf5 Qxf5 25.
Re2 Re7 26. Nxg3 Qxd3 27. Rxd3 Rxe2 28. Nxe2 Re8 29. Kd1 Be5 30. Rd2 h4 31. Nc1 Kf7 32. Nd3 Kf6 33. Nf2 Kf5 34. Re2 Rb8 35. Ng4 b5 36. c5 b4 37. Nxe5 dxe5 38. Rd2 a5 39.
Ke2 Rd8 40. Kd1 e4 41. fxe4+ Kxe4 42. d6 cxd6 43. cxd6 f3 44. gxf3+ Kxf3 45. d7 Kg3 46.
Rd3+ Kf4 47. Kc2 a4 48. Rd4+ Kg3 49. Rd3+ Kf4 50. a3 bxa3 51. bxa3 Ke4 52. Kc3 Kf4 53. Kc4 Ke4 54. Rd1 Kf3 55. Kc5 Kg2 56. Rd3 Kf2 57. Kc6 Ke2 58. Rd4 Ke3 59. Rd6 Kf4 60. Kc7 Rxd7+ 61.
Kxd7 Kg3 62. Rd3+ 1-0

[Event "*** Titled Tuesday Blitz"]
[Site "Chess.com"]
[Date "2019.06.04"]
[Round "7"]
[White "TBergh98"]
[Black "xberli"]
[Result "1-0"]
[WhiteElo "2409"]
[BlackElo "2468"]
[TimeControl "180+2"]
[EndTime "14:37:50 PDT"]
[Termination "TBergh98 won by resignation"]

1. d4 Nf6 2. Bg5 c5 3. Nc3 cxd4 4. Qxd4 Nc6 5. Qh4 d6 6. e4 Be6 7. O-O-O Qa5 8. a3 Rc8 9. f4 Nb4 10. axb4 Qa1+ 11. Kd2 Qxb2 12. Bb5+ Nd7 13. Nge2 Qxb4 14.
Rb1 Qc5 15. f5 Bc4 16. Be3 Qc7 17. Bxc4 Qxc4 18. Rxb7 g6 19. Rhb1 Bg7 20. R1b3 gxf5 21. Qg5 Bf6 22. Qxf5 e6 23. Qb5 Rc7 24. Qxc4 Rxc4 25.
Rxa7 Rc8 26. Rbb7 Ne5 27. Rc7 O-O 28. Bd4 Bg5+ 29. Ke1 Nc6 30. Rxc8 Rxc8 31. Ra4 Nxd4 32. Rxd4 Bf6 33. Rd3 Be5 34. h3 h5 35. Kd2 h4 36.
Nd1 Rc4 37. Nec3 Kg7 38. Ne3 Rb4 39. Ng4 Bf4+ 40. Kd1 Kg6 41. Rf3 Kg5 42. Ke2 Rd4 43. Nf2 Rd2+ 44. Kf1 Rxc2 45. Ne2 e5 46.
Nxf4 exf4 47. Nd3 Rc3 48. Ne1 Rc4 49. Nd3 Rxe4 50. Kf2 d5 51. Ne1 Kf5 52. Rd3 Ke6 53. Nf3 Ra4 54. Nxh4 Ke5 55. Rd2 d4 56. Re2+ Kd5 57.
Nf3 Ra3 58. Rd2 d3 59. Ng5 f5 60.
h4 Kd4 61. h5 Kc3 62. Nf3 Ra6 63. Rd1 Kc2 64. Rh1 Rh6 65. Rh4 d2 66. Nxd2 Kxd2 67. Kf3 Ke1 68. Kxf4 Kf2 69. g3 Kg2 70. Kxf5 Kxg3 71.
Kg5 Ra6 72. Rf4 Ra5+ 73. Rf5 Ra4 74. h6 Rg4+ 75. Kf6 Rh4 76. Kg7 Kg4 77. Rf6 Kg5 78. Rg6+ Kf5 79. h7 Rh1 80. Rg2 Rh3 81. h8=Q 1-0

[Event "*** Titled Tuesday Blitz"]
[Site "Chess.com"]
[Date "2019.06.04"]
[Round "7"]
[White "toog"]
[Black "ENEASZ"]
[Result "0-1"]
[WhiteElo "2335"]
[BlackElo "2511"]
[TimeControl "180+2"]
[EndTime "14:37:53 PDT"]
[Termination "ENEASZ won by resignation"]

1. e4 d6 2. d4 Nf6 3. Nc3 e5 4.
Nge2 Be7 5. h3 O-O 6. g4 c6 7. a4 Na6 8. Bg2 Nb4 9. O-O exd4 10. Nxd4 d5 11. e5 Nd7 12. f4 Nc5 13. Qe2 a5 14. f5 f6 15. e6 b6 16. Bf4 Ba6 17. Qf2 Bxf1 18. Rxf1 Bd6 19. Be3 Qe7 20. h4 Rac8 21.
g5 Be5 22. Qf3 Bxd4 23. Bxd4 Nxc2 24. Bf2 d4 25. Ne4 Nxa4 26. Qg4 Ne3 27. Bxe3 dxe3 28. gxf6 Rxf6 29. Nxf6+ Qxf6 30. Qxa4 Qxb2 31. Qe4 Qf6 32. Qxe3 Qxh4 33. e7 Re8 34. f6 gxf6 35. Qe6+ Kg7 36.
Bxc6 Qg5+ 37. Bg2 Qc5+ 38. Rf2 Qxe7 39. Qxb6 Qe5 40. Qb7+ Re7 41. Qf3 h5 42. Bh3 Kh6 43. Rg2 Rg7 44. Rxg7 Kxg7 45. Kg2 a4 46. Bf5 h4 47.
Qh5 Qg3+ 48. Kf1 Qg5 49. Qh7+ Kf8 50. Be6 Qf4+ 51. Kg2 Qg3+ 52. Kh1 Qe1+ 53. Kh2 Qe5+ 54. Kh1 Qe1+ 55. Kh2 Qe5+ 56. Kh1 Qxe6 57. Qxh4 Qd5+ 58. Kh2 Qe5+ 59. Kh1 Qd5+ 60. Kh2 Qd6+ 61. Kh1 a3 62. Qh8+ Kf7 63. Qh7+ Kf8 64. Qh8+ Kf7 65. Qh7+ Ke6 66. Qe4+ Kd7 67. Qb7+ Kd8 68. Qa8+ Ke7 69. Qb7+ Kf8 70.
Qa8+ Kf7 71. Qb7+ Kg6 72. Qe4+ f5 73. Qg2+ Kf6 74. Qc2 Qd5+ 75. Kh2 Qe5+ 76. Kh3 Qe3+ 77. Kh4 Qe4+ 78. Qxe4 fxe4 0-1

[Event "*** Titled Tuesday Blitz"]
[Site "Chess.com"]
[Date "2019.06.04"]
[Round "7"]
[White "Spring199"]
[Black "NM2019"]
[Result "1-0"]
[WhiteElo "2227"]
[BlackElo "2103"]
[TimeControl "180+2"]
[EndTime "14:38:16 PDT"]
[Termination "Spring199 won by resignation"]

1. d4 c5 2. d5 b5 3. Nf3 d6 4. e4 a6 5. c4 b4 6. g3 Nf6 7. Qc2 g6 8. Bg2 Bg7 9. O-O O-O 10. a3 bxa3 11. Rxa3 e6 12. dxe6 Bxe6 13. Rd1 Qc7 14. Bf4 Rd8 15. e5 Bf5 16. Qe2 dxe5 17. Nxe5 Ra7 18.
Nc6 Rxd1+ 19. Qxd1 Qd7 20. Qxd7 Rxd7 21. Nc3 Nxc6 22. Bxc6 Rd4 23. Rxa6 h5 24. Ra8+ Kh7 25. Bb5 Ne4 26. Be3 Rd3 27. Nd5 Bh3 28. Ra1 Bxb2 29. Rb1 Bd4 30. Nf4 Rxe3 31. Nxh3 Re2 32. Rf1 Nd2 33.
Rd1 Ne4 34. Rf1 Rb2 35. Bc6 Nd2 36. Rc1 Kh6 37. Bd5 f5 38. Kg2 g5 39. Re1 Rb6 40. f4 g4 41. Ng5 Rb2 42. Re6+ Kg7 43. Re2 Nxc4 44. Bxc4 Rb4 45. Ne6+ Kf6 46. Nxd4 cxd4 47.
Rc2 Ke7 48. Bd3 Kd6 49. Bxf5 Kd5 50. Kf2 Rb3 51. Ke2 Re3+ 52. Kd2 Rf3 53. Bd3 Rf2+ 54.
Be2 Rxh2 55. Rc8 Rg2 56. f5 Rxg3 57. f6 Ke6 58. Rc6+ Kf7 59. Bc4+ Kg6 60. f7+ Kg7 61.
Rg6+ Kh7 62. f8=Q Kxg6 63. Bd3+ Kg5 64. Qe7+ Kf4 65. Qd6+ Kf3 66. Be4+ Kf2 67. Qf4+ Rf3 68. Bxf3 gxf3 69. Qxd4+ Kg2 70. Ke1 h4 71. Qf2+ Kh3 72.
Qxf3+ Kh2 73. Qg4 h3 74. Kf2 1-0

[Event "*** Titled Tuesday Blitz"]
[Site "Chess.com"]
[Date "2019.06.04"]
[Round "7"]
[White "Witik"]
[Black "nrvisakh"]
[Result "1/2-1/2"]
[WhiteElo "2626"]
[BlackElo "2742"]
[TimeControl "180+2"]
[EndTime "14:38:26 PDT"]
[Termination "Game drawn by repetition"]

1. d4 d6 2. e4 g6 3. Nc3 Bg7 4. Be3 a6 5. f3 b5 6. Qd2 c6 7. Nge2 Nd7 8. g4 Bb7 9. h4 h6 10. Ng3 Rc8 11. h5 c5 12. hxg6 fxg6 13. O-O-O Qa5 14. Kb1 b4 15. Nd5 Ngf6 16. Nf4 cxd4 17.
Bxd4 Nf8 18. Qf2 Qa4 19. b3 Qc6 20. Bb2 a5 21. Bc4 Ba6 22. Bd5 Qc7 23. Rhe1 e5 24.
Ne6 Nxe6 25. Bxe6 Rd8 26. f4 Bc8 27. fxe5 Bxe6 28. exf6 O-O 29. Qh2 Bxf6 30. Bxf6 Rxf6 31. Qxh6 Bxg4 32. Rh1 Qg7 33. Qxg7+ Kxg7 34. Rd5 Bf3 35. Rg1 Ra8 36. Rxd6 Rxd6 37. Nf5+ Kf6 38. Nxd6 g5 39. e5+ Kg6 40. Re1 Ra6 41. Kc1 g4 42. Kd2 Rc6 43.
Nc4 Kf5 44. Ke3 Bd5 45. Kd4 Bxc4 46. bxc4 g3 47. Kd5 Rc8 48. e6 g2 49. e7 Kf6 50.
Kd6 Re8 51. c5 Rxe7 52. Rg1 Re6+ 53. Kd7 Re2 54. c6 Rd2+ 55. Kc8 Rxc2 56. Kb7 a4 57. c7 b3 58. axb3 axb3 59. Rxg2 b2 60. Rxc2 b1=Q+ 61. Ka7 Qxc2 62. Kb7 Qb3+ 63. Ka8 Qa4+ 64.
Kb7 Qb5+ 65. Ka8 Qd5+ 66. Kb8 Qe5 67. Kb7 Qe4+ 68. Kb8 Qb4+ 69. Ka7 Qa5+ 70. Kb7 Qd5+ 71. Kb8 Qe5 72. Kb7 Qe4+ 73. Kb8 Qe5 1/2-1/2